 Dungeon Crawl Stone Soup version 0.16-a0-1212-geefc3ab (webtiles) character file.

595 Kashira the Chopper (level 7, -2/52 HPs)
             Began as a Vine Stalker Berserker on Oct 12, 2014.
             Was a Priest of Trog.
             Killed from afar by a centaur (5 damage)
             ... with a wand of magic darts
             ... on level 5 of the Dungeon.
             The game lasted 00:06:15 (2166 turns).

Kashira the Chopper (Vine Stalker Berserker)        Turns: 2166, Time: 00:06:15

Health: -2/52      AC:  4    Str: 25    XL:     7   Next: 40%
Magic:  0/9        EV: 12    Int:  8    God:    Trog [***...]
Gold:   187        SH:  0    Dex: 14    Spells: 0 memorised, 6 levels left

rFire  . . .     SeeInvis .     a - +0 hand axe
rCold  . . .     Clarity  .     b - +1 animal skin
rNeg   . . .     SustAb   .     (no shield)
rPois  .         Gourm    .     (no helmet)
rElec  .         Spirit   +     D - +0 cloak
rCorr  .         Warding  .     (no gloves)
rMut   .         Stasis   .     (no boots)
MR     .....                    (no amulet)
Stlth  ..........               (no ring)
                                (no ring)

@: berserking, very quick, not resistant to hostile enchantments, extremely
unstealthy
A: fangs 2, regeneration 2, magic shield, antimagic bite, no device heal 3, rot
immunity
a: Burn Spellbooks, Berserk, Trog's Hand, Renounce Religion


You were on level 5 of the Dungeon.
You worshipped Trog.
Trog was most pleased with you.
You were not hungry.

You visited 1 branch of the dungeon, and saw 5 of its levels.

You collected 187 gold pieces.

Inventory:

Hand weapons
 a - a +0 hand axe (weapon)
Missiles
 i - 4 tomahawks (quivered)
 l - a throwing net
 n - 4 javelins
 C - 3 javelins of penetration
Armour
 b - a +1 animal skin (worn)
 D - a +0 cloak (worn)
Comestibles
 c - 2 bread rations
 f - a rotting chunk of orc flesh
 j - 2 meat rations
 s - a slice of pizza
Scrolls
 e - 2 scrolls of teleportation
 o - 2 scrolls of identify {unknown}
 p - a scroll of magic mapping {unknown}
 r - a scroll of remove curse {unknown}
 v - a scroll of recharging {unknown}
 x - 2 scrolls of immolation {unknown}
Jewellery
 k - a cursed ring of teleportation {unknown}
 y - a cursed -2 ring of strength {unknown}
Potions
 g - a potion of heal wounds {unknown}
 h - a potion of curing {unknown}
 m - a potion of might {unknown}
 q - a potion of beneficial mutation {unknown}
 t - a potion of haste {unknown}
 u - a potion of brilliance {unknown}
 w - a potion of mutation {unknown}
 z - a potion of cancellation {unknown}
 A - a potion of invisibility {unknown}
 B - a potion of poison {unknown}


   Skills:
 + Level 2.8 Fighting
 * Level 7.4 Axes
 + Level 1.5 Armour
 + Level 1.9 Dodging


You had 6 spell levels left.
You didn't know any spells.

Dungeon Overview and Level Annotations

Branches:
Dungeon (5/15)
 Temple: D:4-7

Altars:
Nemelex Xobeh
Xom


Innate Abilities, Weirdness & Mutations

You have extremely sharp teeth.
You heal very quickly.
When hurt, damage is shared between your health and your magic reserves.
Your bite disrupts and absorbs the magic of your enemies.
Potions and wands cannot restore your health.
You are immune to rotting.


Message History

* * * LOW HITPOINT WARNING * * *
You continue eating.
The centaur zaps a wand.
The magic dart hits you! The centaur closely misses you.
You finish eating.
That royal jelly was delicious!
Use which ability? (? or * to list)
A red film seems to cover your vision as you go berserk!
You feel yourself moving faster!
You feel mighty!
You feel somewhat more hungry.
The centaur zaps a wand.
The magic dart hits you!
* * * LOW HITPOINT WARNING * * *
You hit the centaur but do no damage. You bite the centaur.
You drain its power.
You feel invigorated.
The centaur is severely wounded.
The centaur zaps a wand.
The magic dart hits you!
* * * LOW HITPOINT WARNING * * *
You barely miss the centaur. You bite the centaur, but do no damage.
The centaur is severely wounded.
The centaur zaps a wand.
The magic dart hits you!
You die...

#.# #.# #.## #.# #.#. .?.
..#. #.# .# #.#. #.# #.#
#.#. #.# ##.######.#.
#######c#### #.........#.
#.......@..# #...........
+..........# #...........
#..........###........#..
......................+..
#####.....###........##.
# .............########.
#. ###.....###..# ## #..#
#.....# #..# # #..#
#.....# #..# #


You could see a centaur.

Vanquished Creatures
  The ghost of Kashira the Chopper, an average VSBe of Trog (D:4)
  A sky beast (D:3)
  2 crimson imps
  2 orc priests
  3 orc wizards
  3 worker ants
  3 adders
  4 gnolls
  A worm (D:4)
  3 giant geckos
  9 orcs
  3 bats
  4 giant cockroaches
  8 hobgoblins
  7 giant newts
  2 goblins (D:2)
  6 kobolds
  A quokka (D:2)
  6 rats
69 creatures vanquished.

Notes
Turn   | Place    | Note
--------------------------------------------------------------
     0 | D:1      | Kashira, the Vine Stalker Berserker, began the quest for the Orb.
     0 | D:1      | Reached XP level 1. HP: 11/11 MP: 1/1
   103 | D:1      | Reached skill level 3 in Axes
   196 | D:1      | Reached XP level 2. HP: 16/16 MP: 3/3
   542 | D:2      | Acquired Trog's second power
   708 | D:2      | Reached XP level 3. HP: 15/19 MP: 4/4
   933 | D:2      | Reached skill level 4 in Axes
  1055 | D:3      | Reached XP level 4. HP: 23/23 MP: 5/5
  1193 | D:3      | Noticed a sky beast
  1203 | D:3      | HP: 1/34 [something (5)]
  1209 | D:3      | Killed a sky beast
  1209 | D:3      | Reached skill level 5 in Axes
  1209 | D:3      | Reached XP level 5. HP: 2/27 MP: 7/7
  1589 | D:4      | Noticed Kashira's ghost (average VSBe)
  1590 | D:4      | Gained mutation: You heal very quickly. [vine stalker growth]
  1590 | D:4      | Reached XP level 6. HP: 28/32 MP: 6/8
  1595 | D:4      | Reached skill level 6 in Axes
  1600 | D:4      | Killed Kashira's ghost
  1739 | D:4      | Reached skill level 7 in Axes
  1739 | D:4      | Reached XP level 7. HP: 32/35 MP: 6/9
  1832 | D:4      | Found a shimmering altar of Xom.
  1906 | D:5      | Entered Level 5 of the Dungeon
  1987 | D:5      | Found a sparkling altar of Nemelex Xobeh.
  2166 | D:5      | Killed from afar by a centaur

Action                   |  1- 3 |  4- 6 |  7- 9 || total
-------------------------+-------+-------+-------++-------
Melee: Hand axe          |    69 |    97 |    73 ||   239
Invok: Berserk           |     2 |     3 |     1 ||     6
       Trog's Hand       |       |       |     2 ||     2
  Use: Scroll            |       |     2 |       ||     2
 Stab: Sleeping          |       |       |     1 ||     1
  Eat: Beef jerky        |     1 |       |       ||     1
       Chunk             |       |     5 |     2 ||     7
       Royal jelly       |       |       |     1 ||     1
